 Dungeon Crawl Stone Soup version 0.23.2-11-gf996548 (webtiles) character file.

Game seed: 6939106264527151376

17530 Fang the Fighter (level 12, -1/120 HPs)
             Began as a Gargoyle Berserker on June 5, 2019.
             Was an Elder of Trog.
             Slain by a 13-headed hydra (6 damage)
             ... on level 2 of the Lair of Beasts.
             The game lasted 00:11:54 (14307 turns).

Fang the Fighter (Gargoyle Berserker)              Turns: 14307, Time: 00:11:55

Health: -1/120     AC: 29    Str: 30    XL:     12   Next: 49%
Magic:  12/12      EV: 12    Int:  7    God:    Trog [****..]
Gold:   1046       SH:  0    Dex: 11    Spells: 11/11 levels left

rFire    . . .     SeeInvis .   e - +0 battleaxe (holy)
rCold    . . .     Gourm    .   (shield currently unavailable)
rNeg     + . .     Faith    .   b - +0 plate armour
rPois    ∞         Spirit   .   (no helmet)
rElec    +         Reflect  .   l - +0 cloak {MR+}
rCorr    .         Harm     .   (no gloves)
MR       +....                  F - +3 pair of boots of Inviolability {Str-2 Dex+5}
Stlth    ..........             (no amulet)
HPRegen  0.30/turn              (no ring)
MPRegen  0.13/turn              A - -3 ring of dexterity (curse)

@: berserking (expiring), very quick
A: negative energy resistance 1, electricity resistance, unbreathing,
petrification resistance, rot immunity, AC +8
a: Berserk, Trog's Hand, Brothers in Arms, Renounce Religion


You were on level 2 of the Lair of Beasts.
You worshipped Trog.
Trog was greatly pleased with you.
You were hungry.

You visited 3 branches of the dungeon, and saw 14 of its levels.
You also visited: Ossuary.

You collected 1046 gold pieces.

Inventory:

Hand Weapons
 a - a +0 hand axe
 e - a +0 battleaxe of holy wrath (weapon)
Armour
 b - a +0 plate armour (worn)
 l - a +0 cloak of magic resistance (worn)
 F - the +3 pair of boots of Inviolability (worn) {Str-2 Dex+5}
   (You found it on level 6 of the Dungeon)

   It affects your strength (-2).
   It affects your dexterity (+5).
Jewellery
 A - a cursed -3 ring of dexterity (right hand)
Wands
 n - a wand of iceblast (6)
 z - a wand of random effects (13)
 E - a wand of flame (19)
 J - a wand of digging (6)
Scrolls
 d - 20 scrolls of identify {unknown}
 g - 10 scrolls of remove curse {unknown}
 h - 8 scrolls of teleportation {unknown}
 i - 4 scrolls of random uselessness {unknown}
 j - 4 scrolls of enchant weapon {unknown}
 k - 3 scrolls of magic mapping {unknown}
 m - a scroll of enchant armour {unknown}
 v - 5 scrolls of amnesia {unknown}
 w - a scroll of immolation {unknown}
 y - a scroll of noise {unknown}
 B - a scroll of fear {unknown}
 G - a scroll of fog {unknown}
Potions
 f - 3 potions of agility {unknown}
 o - 4 potions of haste {unknown}
 p - 7 potions of curing
 q - 3 potions of lignification {unknown}
 r - 2 potions of magic {unknown}
 s - 3 potions of degeneration {unknown}
 t - 4 potions of heal wounds
 u - 6 potions of flight {unknown}
 x - 3 potions of ambrosia {unknown}
 C - a potion of invisibility {unknown}
 D - 2 potions of berserk rage {unknown}
 H - a potion of cancellation {unknown}
 I - a potion of might {unknown}
Comestibles
 c - 18 rations
 K - 8 chunks of flesh


   Skills:
 + Level 11.5 Fighting
 + Level 9.7 Axes
 + Level 11.1 Armour
 + Level 8.8 Dodging


You had 11 spell levels left.
You didn't know any spells.
Your spell library was empty.

Dungeon Overview and Level Annotations

Branches:
Dungeon (11/15)            Temple (1/1) D:7            Lair (2/6) D:11
    Orc (0/2) D:9
  Swamp: Lair:2-4    Shoals: Lair:2-4     Snake: Lair:2-4    Spider: Lair:2-4

Altars:
Ashenzari
Dithmenos
Nemelex Xobeh
Okawaru
Sif Muna
Trog
Vehumet
Wu Jian
Xom
Yredelemnul
The Shining One

Annotations:
D:6 exclusion: statue
Lair:1 1 runed translucent door, Fortress's ghost, journeyman DDBe
Lair:2 1 runed translucent door, colesbury's ghost, novice DrEE


Innate Abilities, Weirdness & Mutations

You are resistant to torment.
Your stone body is resilient. (AC +8)
You are immune to poison.
You resist negative energy. (rN+)
You are resistant to electric shocks. (rElec)
You can survive without breathing.
You are immune to petrification.
You are immune to rotting.


Message History

The 12-headed hydra is almost dead.
The 12-headed hydra bites you but does no damage.
The 12-headed hydra closely misses you.
The 12-headed hydra bites you but does no damage.
The 12-headed hydra bites you!
* * * LOW HITPOINT WARNING * * *
The 12-headed hydra barely misses you. The 12-headed hydra bites you!
* * * LOW HITPOINT WARNING * * *
The 12-headed hydra bites you but does no damage. x2
The 12-headed hydra barely misses you.
The 12-headed hydra closely misses you. x2
The 12-headed hydra bites you.
* * * LOW HITPOINT WARNING * * *
You chop one of the 12-headed hydra's heads off!
The 11-headed hydra grows two more!
You slash the 13-headed hydra!
The 13-headed hydra is almost dead.
The 13-headed hydra closely misses you.
The 13-headed hydra bites you but does no damage. x2
The 13-headed hydra completely misses you.
The 13-headed hydra bites you.
You die...

♣≈....%...##
♣≈.........#####
♣≈..............
♣≈.............. ...
♣≈.............. #...≈
♣≈..............
....≈♣♣♣♣♣≈..............
....≈≈≈≈≈≈≈....@D.#
#...≈≈≈≈≈≈≈.......#
.#...........##..###
.##........P.#####
.#P.......####
.........## .........##
..#.......#
.#........######


You could see a 13-headed hydra.

Vanquished Creatures
  Harold (Lair:1)
  2 two-headed ogres
  Nergalle (D:11)
  Pikel (D:4)
  Psyche (D:8)
  A black mamba (Lair:1)
  2 centaur zombies (D:11)
  A komodo dragon (D:10)
  5 trolls
  3 blink frogs (Lair:1)
  Prince Ribbit (D:9)
  5 hippogriffs
  Sigmund (D:4)
  2 wyverns
  2 basilisks (Lair:1)
  12 yaks (Lair:1)
  A hungry ghost (D:10)
  5 wargs
  Duvessa (D:5)
  2 water moccasins
  A floating eye (D:11)
  An ice beast (D:9)
  3 porcupines
  A slave (D:4)
  3 orc warriors
  A black bear (D:8)
  An eye of draining (D:11)
  A necrophage (D:7)
  A sky beast (D:7)
  4 wolves (Lair:2)
  8 ogres
  5 centaurs
  5 crocodiles
  Blork the orc (D:5)
  3 big kobolds
  7 bullfrogs
  A gnoll sergeant (D:11)
  Dowan (D:5)
  A water moccasin zombie (D:7)
  A wyvern skeleton (D:9)
  4 scorpions
  4 jellies
  6 wights
  2 howler monkeys
  An electric eel (Lair:2)
  5 crimson imps
  A bullfrog zombie (D:9)
  9 hounds
  2 orc priests
  10 orc wizards
  3 bullfrog skeletons
  A centaur skeleton (D:4)
  Terence (D:3)
  4 iguanas
  7 worker ants
  A big kobold zombie (Ossuary)
  2 hound zombies
  A hound skeleton (D:8)
  8 mummies (Ossuary)
  A worker ant zombie (D:5)
  Robin (D:3)
  A howler monkey skeleton (D:4)
  4 gnolls (D:9)
  8 adders
  4 shadow imps
  An ooze (D:5)
  2 adder skeletons
  A worm (D:3)
  2 dart slugs
  9 leopard geckos
  23 orcs
  8 bats
  6 giant cockroaches
  15 goblins
  10 hobgoblins
  17 jackals
  16 kobolds
  2 quokkas
  6 frilled lizards
  6 hobgoblin zombies (Ossuary)
  A jackal skeleton (D:4)
  A kobold zombie (Ossuary)
  A leopard gecko skeleton (D:6)
  11 rats
329 creatures vanquished.

Vanquished Creatures (collateral kills)
  A hydra (D:11)
  A two-headed ogre (D:11)
2 creatures vanquished.

Vanquished Creatures (others)
  4 fungi (Lair:2)
  2 plants (Lair:2)
6 creatures vanquished.

Grand Total: 337 creatures vanquished

Notes
Turn   | Place    | Note
-------+----------+-------------------------------------------
     0 | D:1      | Fang the Gargoyle Berserker began the quest for the Orb.
     0 | D:1      | Reached XP level 1. HP: 14/14 MP: 1/1
    84 | D:1      | Reached XP level 2. HP: 12/19 MP: 2/2
   508 | D:1      | Reached XP level 3. HP: 24/24 MP: 3/3
   605 | D:1      | Reached ** piety under Trog
   935 | D:2      | You fall through a shaft for 2 floors!
   939 | D:4      | Found a shimmering altar of Xom.
   940 | D:4      | Found a shimmering altar of Xom.
   940 | D:4      | Found a shimmering altar of Xom.
   941 | D:4      | Found a shimmering altar of Xom.
   941 | D:4      | Found a shimmering altar of Xom.
   941 | D:4      | Found a shimmering altar of Xom.
   954 | D:4      | Reached XP level 4. HP: 16/29 MP: 4/4
  1269 | D:4      | Reached XP level 5. HP: 27/33 MP: 5/5
  1277 | D:4      | Noticed Pikel
  1277 | D:4      | Noticed a slave
  1277 | D:4      | Noticed a slave
  1277 | D:4      | Noticed a slave
  1277 | D:4      | Noticed a slave
  1284 | D:4      | Killed a slave
  1294 | D:4      | Killed Pikel
  1294 | D:4      | Reached skill level 5 in Fighting
  1294 | D:4      | Reached XP level 6. HP: 40/40 MP: 6/6
  1294 | D:4      | Reached XP level 7. HP: 44/44 MP: 7/7
  1558 | D:4      | Found a sand-covered staircase.
  1568 | Ossuary  | Entered an ossuary
  1593 | Ossuary  | Reached skill level 5 in Armour
  1703 | Ossuary  | Reached *** piety under Trog
  2109 | D:4      | Reached XP level 8. HP: 51/51 MP: 8/8
  2145 | D:4      | Noticed Sigmund
  2182 | D:4      | Killed Sigmund
  2182 | D:4      | Reached skill level 5 in Axes
  2478 | D:3      | Noticed Robin
  2496 | D:3      | Killed Robin
  2598 | D:3      | Noticed Terence
  2614 | D:3      | Killed Terence
  2799 | D:3      | Found a shimmering altar of Xom.
  3222 | D:2      | Reached **** piety under Trog
  3800 | D:2      | Found a faded altar of an unknown god.
  3998 | D:5      | Entered Level 5 of the Dungeon
  4176 | D:5      | Noticed Duvessa
  4176 | D:5      | Noticed Dowan
  4190 | D:5      | Killed Duvessa
  4223 | D:5      | Killed Dowan
  4832 | D:5      | Found a shadowy altar of Dithmenos.
  5086 | D:5      | Noticed Blork the orc
  5112 | D:5      | Killed Blork the orc
  5112 | D:5      | Reached XP level 9. HP: 54/57 MP: 9/9
  5524 | D:6      | Reached skill level 5 in Dodging
  5531 | D:6      | Got a pair of brightly glowing boots
  5537 | D:6      | Identified the +3 pair of boots of Inviolability {Str-2
                  | Dex+5} (You found it on level 6 of the Dungeon)
  5701 | D:6      | Found a radiant altar of Vehumet.
  6334 | D:7      | Found a staircase to the Ecumenical Temple.
  6348 | Temple   | Entered the Ecumenical Temple
  6983 | D:8      | Reached ***** piety under Trog
  6986 | D:8      | Reached XP level 10. HP: 49/64 MP: 10/10
  7130 | D:8      | Found a basalt altar of Yredelemnul.
  7131 | D:8      | Found a shattered altar of Ashenzari.
  7132 | D:8      | Found a deep blue altar of Sif Muna.
  7185 | D:8      | Noticed Psyche
  7211 | D:8      | Killed Psyche
  8452 | D:9      | Noticed Prince Ribbit
  8699 | D:9      | Killed Prince Ribbit
  9014 | D:9      | Found a staircase to the Orcish Mines.
  9547 | D:10     | Entered Level 10 of the Dungeon
  9547 | D:10     | Noticed a two-headed ogre
  9556 | D:10     | Killed a two-headed ogre
  9556 | D:10     | Reached XP level 11. HP: 72/72 MP: 11/11
 10464 | D:10     | Reached skill level 10 in Fighting
 10913 | D:11     | Found a staircase to the Lair.
 11075 | D:11     | Noticed Nergalle
 11129 | D:11     | Killed Nergalle
 11272 | D:11     | Noticed a two-headed ogre
 11281 | D:11     | Killed a two-headed ogre
 11281 | D:11     | Reached skill level 10 in Armour
 11354 | D:11     | Noticed a seven-headed hydra
 11354 | D:11     | Noticed a two-headed ogre
 11362 | D:11     | Killed an eight-headed hydra
 11363 | D:11     | Killed a two-headed ogre
 11749 | D:11     | Paralysed by fainting for 7 turns
 11783 | D:10     | Paralysed by fainting for 6 turns
 12184 | D:11     | Paralysed by a floating eye for 4 turns
 12191 | D:11     | Paralysed by a floating eye for 4 turns
 12607 | Lair:1   | Entered Level 1 of the Lair of Beasts
 12607 | Lair:1   | Found a runed translucent door.
 12622 | Lair:1   | Noticed Fortress's ghost (journeyman DDBe)
 12675 | Lair:1   | Reached XP level 12. HP: 53/79 MP: 12/12
 13377 | Lair:1   | Noticed Harold
 13397 | Lair:1   | Killed Harold
 14210 | Lair:2   | Found a runed translucent door.
 14211 | Lair:2   | Noticed colesbury's ghost (novice DrEE)
 14212 | Lair:2   | Identified the +1 spear "Bughejal" {flame, rElec rPois
                  | Stlth+}
 14212 | Lair:2   | Noticed a spriggan rider
 14290 | Lair:2   | Noticed a four-headed hydra
 14306 | Lair:2   | HP: 6/120 [12-headed hydra (9)]
 14307 | Lair:2   | Slain by a 13-headed hydra

Skill      XL: |  1  2  3  4  5  6  7  8  9 10 11 12 |
---------------+-------------------------------------+-----
Axes           | 3 4 5 6 8 9 |  9.7
Dodging        | 2 3 4 5 7 8 |  8.8
Armour         | 3 4 5 6 7 9 10 11 | 11.1
Fighting       | 4 5 7 8 9 10 11 | 11.5

Action                   |  1- 3 |  4- 6 |  7- 9 | 10-12 || total
-------------------------+-------+-------+-------+-------++-------
Melee: Hand axe          |    89 |    83 |   717 |   882 ||  1771
       Battleaxe         |       |       |       |    95 ||    95
Invok: Berserk           |       |     1 |     7 |    21 ||    29
       Trog's Hand       |       |       |       |     1 ||     1
       Brothers in Arms  |       |       |       |     1 ||     1
  Use: Potion            |       |       |       |     1 ||     1
 Stab: Sleeping          |     1 |       |       |       ||     1
  Eat: Chunk             |       |     1 |    20 |    33 ||    54
       Ration            |       |       |     2 |     6 ||     8
Armor: Animal skin       |    30 |    23 |       |       ||    53
       Plate armour      |       |    30 |   617 |  1008 ||  1655
Dodge: Dodged            |    55 |    51 |   403 |   665 ||  1174
